 Dungeon Crawl Stone Soup version 0.29.1-1-gd02db6906a (webtiles) character file.

Game seed: 11055580102016233507

151846 groovy9 the Devastator (level 17, -20/107 HPs)
             Began as a Deep Elf Conjurer on Sept 25, 2022.
             Was a High Priest of Vehumet.
             Killed by the raging water
             ... invoked by a water nymph
              (33 damage)
             ... on level 4 of the Shoals.
             The game lasted 02:33:18 (37317 turns).

groovy9 the Devastator (Deep Elf Conjurer)         Turns: 37317, Time: 02:33:18

Health: -20/107    AC: 19    Str: 10    XL:     17   Next: 1%
Magic:  26/37      EV: 16    Int: 38    God:    Vehumet [*****.]
Gold:   2266       SH: 14    Dex: 13    Spells: 8/45 levels left

rFire   + + .      SeeInvis +   Y - +3 Elemental Staff {rElec rF++ rC++ AC+5}
rCold   + + +      Faith    .   M - +3 buckler {rF+}
rNeg    + . .      Spirit   .   z - +5 leather armour of Impish Fun {Fly Str+2}
rPois   +          Reflect  +   w - +2 helmet
rElec   +          Harm     .   C - scarf {repulsion}
rCorr   +          Rampage  .   E - +1 pair of gloves
Will    +....                   A - +0 pair of boots
Stlth   ++........              o - amulet "Fentyag" {Reflect Str+4 SH+5}
HPRegen 0.27/turn               e - ring "Oczu" {Ice rElec rPois rCorr}
MPRegen 0.25/turn               q - ring "Oziraxas" {rN+ Int+6 SInv}

@: about to teleport, flying, hasted, repel missiles, very quick
A: no striking features
a: Renounce Religion


You were on level 4 of the Shoals.
You worshipped Vehumet.
Vehumet was extremely pleased with you.
You visited 4 branches of the dungeon, and saw 25 of its levels.
You visited the Abyss 1 time.

You collected 3640 gold pieces.
You spent 1374 gold pieces at shops.

Inventory:

Hand Weapons
 Y - the +3 Elemental Staff (weapon) {rElec rF++ rC++ AC+5}
   (You took it off a deep elf zephyrmancer on level 13 of the Dungeon)

   If the wielder is skilled in Evocations, they can discharge powerful blasts
   of elemental energy when striking with it.
   It enhances your fire, ice, earth and air magic.
   AC:        It affects your AC (+5).
   rF:        It greatly protects you from fire.
   rC:        It greatly protects you from cold.
   rElec:     It insulates you from electricity.
Missiles
 t - 6 throwing nets
Armour
 w - a +2 helmet (worn)
 z - the +5 leather armour of Impish Fun (worn) {Fly Str+2}
   (You found it on level 10 of the Dungeon)

   Str:       It affects your strength (+2).
   Fly:       It grants you flight.
 A - a +0 pair of boots (worn)
 C - a scarf of repulsion (worn)
 E - a +1 pair of gloves (worn)
 M - a +3 buckler of fire resistance (worn)
Magical Staves
 a - a staff of conjuration
Jewellery
 e - the ring "Oczu" (left hand) {Ice rElec rPois rCorr}
   (You acquired it on level 2 of the Dungeon)

   [ring of ice]

   It enhances your ice magic.
   rF:        It makes you vulnerable to fire.
   rC:        It protects you from cold.
   rElec:     It insulates you from electricity.
   rPois:     It protects you from poison.
   rCorr:     It protects you from acid and corrosion.
 o - the amulet "Fentyag" (around neck) {Reflect Str+4 SH+5}
   (You took it off Sigmund on level 3 of the Dungeon)

   [amulet of reflection]

   It reflects blocked missile attacks.
   Str:       It affects your strength (+4).
   SH:        It affects your SH (+5).
 q - the ring "Oziraxas" (right hand) {rN+ Int+6 SInv}
   (You bought it in a shop on level 4 of the Shoals)

   [ring of intelligence]

   Int:       It affects your intelligence (+6).
   rN:        It protects you from negative energy.
   SInv:      It lets you see invisible.
 X - a ring of magical power
Wands
 f - a wand of charming (6)
 i - a wand of digging (7)
 m - a wand of flame (25)
 u - a wand of acid (12)
 G - a wand of polymorph (10)
 I - a wand of iceblast (27)
Scrolls
 g - 4 scrolls of blinking
 j - 2 scrolls of magic mapping
 k - 2 scrolls of amnesia
 l - 2 scrolls of silence
 r - a scroll of teleportation
 x - 4 scrolls of enchant weapon
 y - 3 scrolls of noise
 B - 3 scrolls of vulnerability
 N - a scroll of immolation
 R - a scroll of fog
 S - 4 scrolls of brand weapon
 T - a scroll of summoning
Potions
 b - 3 potions of ambrosia
 c - 3 potions of flight
 d - 5 potions of might
 h - 9 potions of curing
 s - 6 potions of attraction
 v - a potion of cancellation
 D - 3 potions of mutation
 J - 4 potions of brilliance
 O - a potion of berserk rage
 Q - a potion of resistance
Miscellaneous
 K - a phial of floods


   Skills:
 - Level 12.3 Fighting
 - Level 11.5 Dodging
 - Level 2.4 Stealth
 - Level 8.1 Shields
 + Level 14.9 Spellcasting
 + Level 15.0 Conjurations
 - Level 0.5 Hexes
 + Level 11.5 Summonings
 - Level 6.1 Translocations
 - Level 8.0 Ice Magic
 - Level 7.3 Air Magic
 - Level 10.0 Evocations


You had 8 spell levels left.
You knew the following spells:

 Your Spells              Type           Power      Damage    Failure   Level
a - Magic Dart            Conj           100%       1d8       0%          1
b - Searing Ray           Conj           100%       2d8       0%          2
c - Iskenderun's Mystic   Conj/Tloc      83%        2d16      1%          4
d - Iskenderun's Battles  Conj           97%        2d14      1%          5
e - Spellforged Servitor  Conj/Summ      46%        N/A       2%          7
f - Dazzling Flash        Conj/Hex       100%       N/A       1%          3
g - Freezing Cloud        Conj/Ice/Air   75%        6-21      1%          5
h - Ozocubu's Armour      Ice            100%       N/A       1%          3
i - Static Discharge      Conj/Air       100%       3-16/arc  1%          2
j - Lightning Bolt        Conj/Air       53%        1d74      1%          5

Your spell library contained the following spells:

 Spells                   Type           Power      Damage    Failure   Level
 Fireball                 Conj/Fire      45%        3d18      1%          5
 Beastly Appendage        Tmut           56%        N/A       1%          1
 Foxfire                  Conj/Fire      100%       2x1d9     1%          1
 Necrotise                Necr           100%       1d9       1%          1
 Slow                     Hex            100%       N/A       1%          1
 Sting                    Tmut/Pois      100%       1d8       1%          1
 Summon Small Mammal      Summ           100%       N/A       1%          1
 Call Imp                 Summ           86%        N/A       1%          2
 Ensorcelled Hibernation  Hex/Ice        100%       N/A       1%          2
 Call Canine Familiar     Summ           86%        N/A       1%          3
 Conjure Flame            Conj/Fire      91%        6-21      1%          3
 Gell's Gravitas          Tloc           66%        N/A       1%          3
 Inner Flame              Hex/Fire       45%        N/A       1%          3
 Lesser Beckoning         Tloc           66%        N/A       1%          3
 Mephitic Cloud           Conj/Pois/Air  91%        N/A       1%          3
 Summon Guardian Golem    Hex/Summ       65%        N/A       1%          3
 Swiftness                Air            90%        N/A       1%          3
 Teleport Other           Tloc           66%        N/A       1%          3
 Flame Wave               Conj/Fire      91%        2d19      1%          4
 Fulminant Prism          Conj/Hex       36%        3d18      1%          4
 Summon Lightning Spire   Summ/Air       100%       N/A       1%          4
 Summon Forest            Summ/Tloc      38%        N/A       1%          5
 Conjure Ball Lightning   Conj/Air       53%        3x3d18    1%          6
 Passwall                 Tmut/Erth      35%        N/A       3%          2
 Sublimation of Blood     Necr           28%        N/A       3%          2
 Wereblood                Tmut           28%        N/A       3%          2
 Confusing Touch          Hex            32%        N/A       4%          3
 Spider Form              Tmut/Pois      28%        N/A       6%          3
 Vampiric Draining        Necr           28%        2d8       6%          3
 Metabolic Englaciation   Hex/Ice        47%        N/A       10%         5
 Cause Fear               Hex            16%        N/A       16%         4
 Summon Hydra             Summ           43%        N/A       16%         7
 Petrify                  Tmut/Erth      42%        N/A       21%         4
 Simulacrum               Ice/Necr       46%        N/A       52%         6
 Eringya's Noxious Bog    Tmut/Pois      14%        N/A       58%         6
 Haunt                    Necr/Summ      32%        N/A       85%         7
 Statue Form              Tmut/Erth      28%        N/A       97%         6


Dungeon Overview and Level Annotations

Branches:
Dungeon (14/15)            Temple (0/1) D:5            Lair (5/5) D:10
 Shoals (4/4) Lair:3        Snake (0/4) Lair:3        Slime (0/5) Lair:5
    Orc (2/2) D:9             Elf (0/3) Orc:2        Vaults (0/5) D:14

Altars:
Dithmenos
Elyvilon
Kikubaaqudgha
Uskayaw
Vehumet
Jiyva
Lugonu

Shops:
D:11 =   D:14 (   Orc:1 ?*   Orc:2 *=(!   Shoals:1 ![   Shoals:2 *   Shoals:4 =

Portals:
Abyss: Shoals:3

Annotations:
Shoals:3 1 runed translucent door


Message History

The water nymph gestures at you while chanting.
The water rises up and strikes you! The water nymph casts a spell at you.
The water rises up and strikes you!
Casting: Searing Ray (safe; 0% risk of failure)
Confirm with . or Enter, or press ? or * to list all spells.
Really blast near your spellforged servitor?
You erupt in a blast of force!
The mystic blast hits your spellforged servitor!
Your spellforged servitor is lightly damaged.
Your spellforged servitor is knocked back by the mystic blast.
The mystic blast hits the sun demon!!
The sun demon is heavily wounded.
The sun demon is knocked back by the mystic blast.
You hear a shout!
The water nymph casts a spell at you. The water rises up and strikes you!
Casting: Iskenderun's Mystic Blast (safe; 1% risk of failure)
Confirm with . or Enter, or press ? or * to list all spells.
Aiming: Searing Ray (safe; 0% risk of failure)
Press: ? - help, Shift-Dir - straight line, f/p - sun demon
Aim: a sun demon (heavily wounded, ally target, 79% to hit)
Okay, then.
Your spellforged servitor points at the sun demon and mumbles some strange words.
The bolt of lightning misses the sun demon.
Your spellforged servitor points at the sun demon and mumbles some strange words.
The bolt of lightning hits the sun demon!
The sun demon resists.
The water nymph casts a spell at you. The water rises up and strikes you!!
* * * LOW HITPOINT WARNING * * *
You feel yourself speed up.
The water nymph gestures at you while chanting.
The water rises up and strikes you!
* * * LOW HITPOINT WARNING * * *
As you read the scroll of teleportation, it crumbles to dust.
You feel strangely unstable.
The water nymph points at you and mumbles some strange words.
The water rises up and strikes you!!
You die...

.............†.#...#.~~≈≈≈≈≈≈≈≈#
.............(..###..~~≈≈≈≈≈≈≈≈#
.........~...([<.....~~≈≈≈≈≈≈≈≈#
......~~~~~....[.....~~≈≈≈≈≈≈≈≈#
.....~~~~~~~~..[†(..~~~≈≈≈≈≈≈≈≈#
....~~#~#~##~~.....~~~~~≈≈≈≈≈≈≈#
~~~~~#######~~~~~~~)~~~~~≈≈≈≈≈≈#
~~~### ##~~~~~~~~~~~~~≈≈≈≈≈#
~~~# #~~~@~~~~~~~~~≈≈≈≈≈# ~~~#
#~~~~)~~9~~~~~≈≈≈≈≈# ~~~#
##~~~~~3~~~~~~≈≈≈≈≈# ~~~~
#~~~m~~~..~~~~≈≈≈≈≈# ~~~##
##~~~~~~..~~~≈≈≈≈≈≈# ..~#
#~~~)~~..~~~≈≈≈≈≈≈# ....
#.~~~~~~~..~~~≈≈≈≈≈≈#
#..~~m~~~~.~~~≈≈≈≈≈≈#
...~.~~~~~~~.~~≈≈≈≈≈≈≈#


You could see a sun demon (distracted, ally target), 2 water nymphs and a
friendly spellforged servitor (summoned).

Vanquished Creatures
  A lich (Abyss:1)
  Polyphemus (Shoals:3)
  A tentacled starspawn (Abyss:1)
  The ghost of Iamsock the Prestidigitator, a journeyman GnWn of Okawaru (Lair:2)
  The ghost of XxsatanxX the Severer, a journeyman MiBe of Trog (Lair:4)
  A fire dragon (Lair:5)
  2 merfolk javelineers
  2 ettins
  4 merfolk impalers
  Erolcha (D:12)
  4 ogre magi (Orc:2)
  A boulder beetle (D:13)
  6 hydras
  A centaur warrior (D:13)
  The ghost of Iamsock the Slicer, a journeyman DsFi of Jiyva (Lair:2)
  The ghost of themarg the Destroyer, a journeyman TeCj of Vehumet (Lair:2)
  A vault guard (D:14)
  4 merfolk avatars
  The ghost of Braxton the Destroyer, a journeyman DrCj of Vehumet (D:10)
  A death knight (D:14)
  2 merfolk aquamancers
  An alligator snapping turtle (Shoals:4)
  15 two-headed ogres
  4 death yaks
  A tengu warrior (D:14)
  A vampire mage (Abyss:1)
  Urug (D:12)
  2 sun demons (D:11)
  2 skeletal warriors (D:14)
  5 sea snakes
  A lindwurm (Lair:5)
  An orc knight (Orc:1)
  2 wizards
  A deep elf pyromancer (D:13)
  4 deep elf zephyrmancers
  6 fauns (Shoals:2)
  An orc sorcerer (Abyss:1)
  4 slime creatures
  6 cyclopes
  4 manticores
  12 ugly things
  6 merfolk sirens
  9 elephants
  5 black mambas
  Joseph (D:8)
  3 starcursed masses (Abyss:1)
  An orange demon (D:11)
  3 rust devils
  A torpor snail (Lair:5)
  2 molten gargoyles (Lair:5)
  A water nymph (Shoals:4)
  A gargoyle (D:12)
  7 cane toads
  2 kobold demonologists
  3 rime drakes
  7 komodo dragons
  5 freezing wraiths
  2 unseen horrors
  3 efreet
  A red devil (D:11)
  6 polar bears
  11 trolls
  Grinder (D:3)
  A hornet (D:14)
  18 blink frogs
  A nameless horror (Shoals:4)
  10 merfolk
  4 raiju (Abyss:1)
  3 wind drakes
  12 dream sheep
  A jumping spider (shapeshifter) (D:14)
  Sigmund (D:3)
  2 centaur simulacra (D:12)
  2 snapping turtles (Shoals:4)
  5 flying skulls (Abyss:1)
  A vampire (D:10)
  2 ynoxinuls (Abyss:1)
  8 water elementals
  5 shadows
  4 wyverns
  5 wraiths
  56 yaks
  10 basilisks
  2 nagas (Lair:3)
  3 vampire mosquitoes (D:10)
  A neqoxec (Abyss:1)
  2 steam dragons
  3 wargs
  A large abomination (Abyss:1)
  2 acid dragons
  5 hell hounds (Lair:5)
  9 water moccasins
  2 small abominations (Abyss:1)
  A meliai simulacrum (D:12)
  14 orc warriors
  5 ice beasts
  5 black bears
  26 ogres
  5 boggarts (D:14)
  15 wolves
  12 centaurs
  2 kobold brigands
  2 gnoll sergeants (D:8)
  18 bullfrogs
  2 necrophages (D:6)
  5 scorpions
  10 wights
  11 killer bees
  An electric eel (D:6)
  5 lava snakes (Lair:5)
  A quasit (Abyss:1)
  2 jellies
  16 orc priests
  3 iguanas
  Ijyb (D:5)
  7 hell rats (Lair:5)
  16 orc wizards
  12 gnolls
  6 adders
  2 river rats (D:10)
  2 shadow imps
  3 white imps (D:12)
  5 ufetubi
  A worm (D:5)
  3 dart slugs
  74 orcs
  2 ball pythons (D:2)
  5 endoplasms
  2 giant cockroaches
  12 goblins
  4 hobgoblins
  8 jackals
  15 kobolds
  3 quokkas
  3 bats
  2 frilled lizards (D:2)
  2 rats
  A lurking horror (Abyss:1)
  A starspawn tentacle (Abyss:1)
727 creatures vanquished.

Vanquished Creatures (collateral kills)
  Ilsuiw (Shoals:4)
  A frost giant (Shoals:4)
  9 merfolk impalers
  2 merfolk javelineers (Shoals:4)
  3 vault guards (D:14)
  2 centaur warriors
  3 boulder beetles (D:14)
  2 alligator snapping turtles (Shoals:4)
  A catoblepas (Shoals:3)
  2 merfolk aquamancers
  2 merfolk avatars
  2 death yaks (Shoals:3)
  3 skeletal warriors (D:14)
  5 sea snakes
  2 nameless horrors
  2 ugly things (D:14)
  3 manticores (Shoals:4)
  2 apocalypse crabs (Shoals:3)
  4 merfolk sirens
  A freezing wraith (D:14)
  A wind drake (Shoals:4)
  10 merfolk
  2 snapping turtles
  3 dream sheep (Shoals:4)
  A slime creature (D:12)
  A centaur simulacrum (D:12)
  A wraith (D:12)
  5 water elementals
  A centaur (D:14)
77 creatures vanquished.

Vanquished Creatures (others)
  A manticore (Shoals:4)
  A water elemental (Shoals:1)
  2 demonic plants (D:11)
  37 fungi
  99 plants
  A starspawn tentacle (Abyss:1)
141 creatures vanquished.

Grand Total: 945 creatures vanquished

Notes
Turn   | Place    | Note
-------+----------+-------------------------------------------
     0 | D:1      | groovy9 the Deep Elf Conjurer began the quest for the Orb.
     0 | D:1      | Reached XP level 1. HP: 10/10 MP: 6/6
   288 | D:1      | Reached XP level 2. HP: 15/15 MP: 5/8
   321 | D:1      | Learned a level 2 spell: Searing Ray
   869 | D:2      | Identified 3 scrolls of acquirement
   869 | D:2      | Acquired the ring "Oczu" {Ice rElec rPois rCorr}
   872 | D:2      | Acquired a staff of conjuration
   875 | D:2      | Acquired Asatue's Parchment of Hurting
  1066 | D:2      | Reached skill level 5 in Conjurations
  1066 | D:2      | Reached XP level 3. HP: 19/19 MP: 6/10
  1731 | D:3      | Noticed Grinder
  2061 | D:3      | Reached XP level 4. HP: 24/24 MP: 7/12
  2143 | D:3      | Learned a level 4 spell: Iskenderun's Mystic Blast
  2422 | D:4      | Reached skill level 1 in Translocations
  2472 | D:4      | Reached skill level 5 in Spellcasting
  2769 | D:4      | Noticed a scorpion
  2821 | D:3      | Noticed Sigmund
  2881 | D:3      | Identified the amulet "Fentyag" {Reflect Str+4 SH+5}
  2927 | D:4      | Noticed a scorpion
  2973 | D:4      | Noticed a yak
  2973 | D:4      | Noticed a yak
  2981 | D:4      | Noticed an ogre
  3038 | D:3      | Killed Sigmund
  3039 | D:3      | Reached skill level 6 in Conjurations
  3039 | D:3      | Reached XP level 5. HP: 10/28 MP: 5/15
  3039 | D:3      | Reached XP level 6. HP: 12/32 MP: 5/16
  3251 | D:3      | Killed Grinder
  3693 | D:4      | Reached XP level 7. HP: 36/36 MP: 13/19
  3928 | D:4      | Reached skill level 7 in Conjurations
  4124 | D:4      | Noticed a yak
  4124 | D:4      | Noticed a yak
  4124 | D:4      | Noticed a yak
  4129 | D:5      | Entered Level 5 of the Dungeon
  4564 | D:5      | Noticed Ijyb
  4570 | D:5      | Killed Ijyb
  4669 | D:5      | Reached skill level 5 in Translocations
  4706 | D:5      | Learned a level 5 spell: Iskenderun's Battlesphere
  4943 | D:5      | Found a radiant altar of Vehumet.
  4951 | D:5      | Reached XP level 8. HP: 41/41 MP: 12/21
  4966 | D:5      | Became a worshipper of Vehumet
  5190 | D:5      | Found a staircase to the Ecumenical Temple.
  5654 | D:6      | Reached skill level 8 in Conjurations
  6120 | D:6      | Reached * piety under Vehumet
  6120 | D:6      | Offered knowledge of Freeze by Vehumet.
  6493 | D:6      | Reached skill level 9 in Conjurations
  6631 | D:6      | Reached skill level 10 in Spellcasting
  6631 | D:6      | Reached XP level 9. HP: 45/45 MP: 18/25
  6789 | D:6      | Found a white marble altar of Elyvilon.
  6791 | D:6      | Found an ancient bone altar of Kikubaaqudgha.
  6969 | D:7      | Learned a level 7 spell: Spellforged Servitor
  7084 | D:7      | Reached skill level 1 in Fighting
  7329 | D:7      | Found a shadowy altar of Dithmenos.
  8059 | D:7      | Noticed a troll
  8073 | D:7      | Killed a troll
  8261 | D:8      | You fall into a shaft and drop 3 floors!
  8265 | D:11     | Noticed a sun demon
  8416 | D:11     | Noticed a troll
  8433 | D:11     | Killed a troll
  8471 | D:11     | Noticed a red devil
  8476 | D:11     | Killed a red devil
  8477 | D:11     | Reached skill level 5 in Fighting
  8534 | D:11     | Noticed a cyclops
  8538 | D:11     | Killed a cyclops
  8621 | D:10     | Entered Level 10 of the Dungeon
  8841 | D:10     | Noticed a deep elf zephyrmancer
  8881 | D:10     | Reached XP level 10. HP: 61/61 MP: 15/26
  9150 | D:8      | Acquired 921 gold pieces
  9393 | D:8      | Noticed Joseph
  9404 | D:8      | Killed Joseph
 10130 | D:8      | Offered knowledge of Sandblast by Vehumet.
 10135 | D:8      | Learned a level 3 spell: Dazzling Flash
 10139 | D:8      | Reached ** piety under Vehumet
 11078 | D:9      | Offered knowledge of Poisonous Vapours by Vehumet.
 11325 | D:9      | Found a staircase to the Orcish Mines.
 11688 | D:10     | Noticed a death yak
 11695 | D:10     | Noticed a death yak
 11895 | D:10     | Reached XP level 11. HP: 72/72 MP: 24/27
 11955 | D:10     | Noticed a deep elf zephyrmancer
 11962 | D:10     | Killed a deep elf zephyrmancer
 11963 | D:10     | Reached skill level 10 in Fighting
 11964 | D:10     | Killed a deep elf zephyrmancer
 11964 | D:10     | Reached *** piety under Vehumet
 11965 | D:10     | Reached skill level 5 in Dodging
 12018 | D:10     | Got Ts'ui Pên's Omnibus of Forking Paths
 12025 | D:10     | Got the Cyclopedia of Axaxaxas mlö
 12033 | D:10     | Noticed a wizard
 12037 | D:10     | Killed a wizard
 12060 | D:10     | Got the Almanac of Sand
 12071 | D:10     | Killed a death yak
 12072 | D:10     | Noticed a death yak
 12084 | D:10     | Killed a death yak
 12218 | D:10     | Found a staircase to the Lair.
 12473 | D:10     | Noticed a two-headed ogre
 12479 | D:10     | Killed a two-headed ogre
 12545 | D:10     | Noticed a deep elf zephyrmancer
 12731 | D:10     | Identified the +5 leather armour of Impish Fun {Fly Str+2}
 12836 | D:10     | Killed a deep elf zephyrmancer
 12874 | D:10     | Found a runed translucent gate.
 12874 | D:10     | Found a runed translucent gate.
 12874 | D:10     | Found a runed translucent gate.
 12874 | D:10     | Noticed Braxton's ghost (journeyman DrCj)
 12974 | Lair:1   | Entered Level 1 of the Lair of Beasts
 13033 | Lair:1   | Reached skill level 10 in Dodging
 13159 | Lair:1   | Found a dark tunnel.
 13174 | Lair:1   | Offered knowledge of Sticky Flame by Vehumet.
 13443 | Lair:1   | Found a white marble altar of Elyvilon.
 13741 | Lair:1   | Reached skill level 1 in Summonings
 13961 | Lair:1   | Reached **** piety under Vehumet
 14337 | Lair:2   | Found a runed translucent gate.
 14337 | Lair:2   | Found a runed translucent gate.
 14337 | Lair:2   | Found a runed translucent gate.
 14357 | Lair:2   | Noticed Iamsock's ghost (journeyman DsFi)
 14357 | Lair:2   | Noticed themarg's ghost (journeyman TeCj)
 14357 | Lair:2   | Noticed Iamsock's ghost (journeyman GnWn)
 14369 | Lair:2   | Reached XP level 12. HP: 77/77 MP: 20/28
 14412 | Lair:2   | Noticed a six-headed hydra
 14418 | Lair:2   | Killed a six-headed hydra
 14433 | Lair:2   | Reached skill level 10 in Conjurations
 14437 | Lair:2   | Offered knowledge of Yara's Violent Unravelling by Vehumet.
 15618 | Lair:3   | Reached skill level 5 in Summonings
 15735 | Lair:3   | Found a staircase to the Shoals.
 15812 | Lair:3   | Reached ***** piety under Vehumet
 15973 | Lair:3   | Found a staircase to the Snake Pit.
 16088 | Lair:3   | Reached skill level 11 in Conjurations
 16091 | Lair:3   | Offered knowledge of Freezing Cloud by Vehumet.
 16098 | Lair:3   | Learned a level 5 spell: Freezing Cloud
 16483 | Lair:4   | Reached skill level 1 in Ice Magic
 16488 | Lair:4   | Reached skill level 1 in Air Magic
 16771 | Lair:4   | Found a transporter.
 16774 | Lair:4   | Noticed XxsatanxX's ghost (journeyman MiBe)
 16841 | Lair:4   | Found a transporter.
 17034 | Lair:4   | Killed XxsatanxX's ghost
 17309 | Lair:4   | Learned a level 3 spell: Ozocubu's Armour
 17389 | Lair:4   | Reached XP level 13. HP: 73/82 MP: 23/31
 17482 | Lair:4   | You are sucked into a shaft and drop 1 floor!
 17482 | Lair:5   | Entered Level 5 of the Lair of Beasts
 17528 | Lair:5   | Reached skill level 5 in Ice Magic
 17540 | Lair:5   | Reached skill level 5 in Air Magic
 17789 | Lair:5   | Found a viscous altar of Jiyva.
 17789 | Lair:5   | Found a staircase to the Slime Pits.
 18735 | D:10     | Killed Braxton's ghost
 18792 | D:10     | Got the Opusculum on the Macabre Lithosphere
 18897 | Lair:2   | Killed themarg's ghost
 18898 | Lair:2   | Killed Iamsock's ghost
 18908 | Lair:2   | Killed Iamsock's ghost
 19067 | Lair:4   | Learned a level 2 spell: Static Discharge
 19095 | Lair:5   | Reached skill level 1 in Evocations
 19615 | Lair:5   | Reached skill level 5 in Evocations
 20377 | Lair:5   | Reached XP level 14. HP: 88/88 MP: 25/32
 20404 | Lair:5   | Found a large runed translucent door.
 20404 | Lair:5   | Found a large runed translucent door.
 21286 | Orc:1    | Entered Level 1 of the Orcish Mines
 21286 | Orc:1    | Found Utukaw's Magic Scroll Boutique.
 21696 | Orc:1    | Found Faumo's Overcharged Wands.
 21934 | Orc:2    | Entered Level 2 of the Orcish Mines
 22095 | Orc:1    | Offered knowledge of Starburst by Vehumet.
 22474 | Orc:2    | Paralysed by an ogre mage for 2 turns
 22480 | Orc:2    | Reached skill level 10 in Evocations
 22651 | Orc:2    | Reached skill level 12 in Conjurations
 22902 | Orc:2    | Found Caureexu's Jewellery Shop.
 22902 | Orc:2    | Found Senwui's Distillery.
 23302 | Orc:2    | Found a staircase to the Elven Halls.
 23399 | Orc:2    | Found Sief's General Store.
 23399 | Orc:2    | Found Houne's Antique Weapon Shop.
 23409 | Orc:2    | Bought a potion of flight for 42 gold pieces
 23409 | Orc:2    | Bought a potion of degeneration for 14 gold pieces
 23789 | D:11     | Found Cusixar's Jewellery Shop.
 24050 | D:11     | Reached skill level 13 in Conjurations
 24201 | D:11     | Found a hide-covered altar of Uskayaw.
 24583 | D:11     | Offered knowledge of Lightning Bolt by Vehumet.
 24677 | D:11     | Learned a level 5 spell: Lightning Bolt
 24708 | D:12     | Noticed Erolcha
 24709 | Abyss:1  | Cast into level 1 of the Abyss (Erolcha)
 24857 | Abyss:1  | Noticed a tentacled starspawn
 24861 | Abyss:1  | Killed a tentacled starspawn
 24958 | Abyss:1  | Found a corrupted altar of Lugonu.
 24960 | Abyss:1  | Noticed a starcursed mass
 24975 | Abyss:1  | Reached XP level 15. HP: 58/92 MP: 11/33
 25282 | Abyss:1  | Noticed a lich
 25288 | Abyss:1  | Killed a lich
 25299 | D:12     | Escaped the Abyss
 25304 | D:12     | Killed Erolcha
 25572 | D:12     | Reached skill level 10 in Summonings
 25913 | D:12     | Noticed Urug
 25920 | D:12     | Killed Urug
 26164 | D:12     | Reached skill level 14 in Conjurations
 26420 | D:12     | Offered knowledge of Orb of Destruction by Vehumet.
 26928 | D:13     | Identified the +11 dagger "Zab Cicwu" {vorpal, *Slow rN+
                  | Str+5 SInv}
 27606 | D:13     | Reached skill level 1 in Shields
 29080 | D:14     | Found a radiant altar of Vehumet.
 29149 | D:14     | Reached skill level 5 in Shields
 29521 | D:14     | Found Geghiur's Weapon Emporium.
 29599 | D:14     | Found a gate to the Vaults.
 30525 | Shoals:1 | Entered Level 1 of the Shoals
 30577 | Shoals:1 | Reached XP level 16. HP: 97/97 MP: 28/35
 31107 | Shoals:1 | Found Ryeshryuc's Armour Emporium.
 31166 | Shoals:1 | Found Nuze Ifu's Distillery.
 31171 | Shoals:1 | Bought a potion of ambrosia for 120 gold pieces
 32255 | Shoals:2 | Found Yliarebos's Assorted Antiques.
 32265 | Shoals:2 | Bought a scroll of blinking for 195 gold pieces
 32265 | Shoals:2 | Bought a potion of heal wounds for 130 gold pieces
 33041 | Shoals:3 | Reached ****** piety under Vehumet
 33243 | Shoals:3 | Noticed Polyphemus
 33336 | Shoals:3 | Killed Polyphemus
 33850 | Shoals:3 | Found a runed translucent door.
 33857 | Shoals:3 | Found a corrupted altar of Lugonu.
 33857 | Shoals:3 | Found a one-way gate to the infinite horrors of the Abyss.
 34180 | Shoals:4 | Entered Level 4 of the Shoals
 34219 | Shoals:4 | Noticed Ilsuiw
 34411 | Shoals:4 | Offered knowledge of Fireball by Vehumet.
 34855 | Shoals:4 | Killed Ilsuiw
 35041 | Shoals:4 | Found Ramip's One-of-a-Kind Rings.
 36232 | Shoals:4 | Bought the ring "Oziraxas" {rN+ Int+6 SInv} for 873 gold
                  | pieces
 37153 | Shoals:4 | Reached XP level 17. HP: 68/107 MP: 17/37
 37157 | Shoals:4 | Reached skill level 15 in Conjurations
 37317 | Shoals:4 | Killed from afar by a water nymph

Illustrated notes

Levels and vault maps discovered:
D:1:      arrival_zaba_pyramid, layout_loops_ring, hex_tiny
D:2:      layout_rooms, minmay_crystal_water
D:3:      layout_rooms, minmay_tree_intersection, uniq_sigmund, uniq_grinder
D:4:      layout_cave_pods
D:5:      layout_cave_pods, mainiacjoe_overflow_brackets, temple_hall,
          st_stairs_12, kennysheep_generic_room_10, uniq_ijyb
D:6:      layout_cave_pools, gammafunk_temple_overflow_pools,
          minmay_misc_feat_doors, kennysheep_generic_room_4
D:7:      layout_loops_corners, mainiacjoe_overflow_paths
D:8:      layout_basic, uniq_joseph
D:9:      layout_loops_ring, erik_orc_4
D:10:     layout_basic, dpeg_lair_monsters, gammafunk_ghost_spectres,
          bh_hangedman_babel_library
D:11:     layout_irregular_city, serial_demonic, serial_demonic_f,
          serial_demonic_d, serial_demonic_b, serial_demonic_c, serial_shops,
          nicolae_shop_hallway_stairs, dancing_weapons_uskayaw
D:12:     layout_stronghold, serial_ice, serial_ice_i, serial_ice_m,
          serial_ice_d, serial_ice_o, uniq_erolcha, uniq_urug
D:13:     layout_roguey, dilly_guarded_unrand_elemental_staff
D:14:     layout_basic, lightli_vaults_fourway_checkpoint, serial_shops,
          nicolae_shop_trees, fiery_altar_vehumet, kennysheep_two_boxes
Lair:1:   layout_long_grid, enter_volcano_2, lemuel_centaur_altar,
          grunt_megastairs_4, infiniplex_staircase_pool_2
Lair:2:   layout_regular_city, gammafunk_ghost_cemetery, fungi_pond_lemuel
Lair:3:   layout_roguey, minmay_shoals_entry_beasts,
          minmay_snake_entry_guardpost_medium, lemuel_fruit_tree
Lair:4:   layout_gridlike, gammafunk_ghost_arena
Lair:5:   cheibrodos_lair_end_hotspot, layout_loops_ring, slime_entry_1
Shoals:1: layout_shoals, serial_shops, nicolae_shop_hallway_stairs,
          nicolae_shoals_c_island, uniq_louise
Shoals:2: layout_shoals, serial_shops, nicolae_stop_n_shop_2
Shoals:3: layout_shoals, nicolae_shoals_abyss_on_the_beach, uniq_polyphemus
Shoals:4: shoals_end_grunt_ice, layout_shoals, shoals_ilsuiw_ice,
          nicolae_shop_unique_rings, nicolae_shoals_sun_and_surf
Orc:1:    layout_diamond_mine, serial_shops, shop,
          nicolae_shop_overcharged_wands
Orc:2:    st_orc_ogre_mass, layout_caves

Skill      XL: |  1  2  3  4  5  6  7  8  9 10 11 12 13 14 15 16 17 |
---------------+----------------------------------------------------+-----
Spellcasting   | 4 5 6 7 10 12 13 14 | 14.9
Conjurations   | 5 6 7 9 11 13 14 15 | 15.0
Translocations | 2 3 5 6 |  6.1
Fighting       | 6 9 10 12 | 12.3
Dodging        | 3 11 | 11.5
Summonings     | 2 5 9 10 11 | 11.5
Ice Magic      | 4 8 |  8.0
Air Magic      | 4 7 |  7.3
Evocations     | 8 10 | 10.0
Shields        | 7 8 |  8.1
Stealth        | |  2.4
Hexes          | |  0.5

Action                   |  1- 3 |  4- 6 |  7- 9 | 10-12 | 13-15 | 16-18 || total
-------------------------+-------+-------+-------+-------+-------+-------++-------
Melee: Staff             |       |       |       |     5 |    14 |     1 ||    20
 Cast: Magic Dart        |    59 |    36 |    79 |   211 |   343 |    79 ||   807
       Searing Ray       |     5 |    10 |    52 |    98 |   184 |   126 ||   475
       Iskenderun's Myst |       |       |    16 |    49 |   121 |    39 ||   225
       Iskenderun's Batt |       |       |    11 |    58 |   128 |    13 ||   210
       Spellforged Servi |       |       |       |       |    13 |    41 ||    54
       Lightning Bolt    |       |       |       |       |     4 |    29 ||    33
       Freezing Cloud    |       |       |       |       |       |     1 ||     1
  Use: Scroll            |     4 |     6 |     8 |     9 |     6 |    10 ||    43
       Potion            |     1 |     1 |     4 |     3 |     6 |    10 ||    25
Armor: Robe              |     1 |       |     4 |     6 |       |       ||    11
       Leather armour    |       |       |       |    10 |    23 |    28 ||    61
       Skin              |       |       |       |     3 |     4 |       ||     7
Dodge: Dodged            |     7 |     6 |     7 |    47 |    82 |   104 ||   253
       Repelled          |       |       |       |     1 |     6 |     6 ||    13
Block: Other             |       |       |     7 |     1 |       |       ||     8
       Reflection        |       |       |     2 |     4 |     9 |    30 ||    45
       Buckler           |       |       |       |    39 |    78 |   108 ||   225
